 Dungeon Crawl Stone Soup version 0.19.0-2-gae57169 (webtiles) character file.

21500 nikopol the Spear-Bearer (level 12, -1/162 HPs)
             Began as a Minotaur Berserker on Nov 6, 2016.
             Was a High Priest of Trog.
             Killed from afar by an ice dragon (38 damage)
             ... with a blast of cold
             ... in an ice cave.
             The game lasted 00:33:11 (14762 turns).

nikopol the Spear-Bearer (Minotaur Berserker)      Turns: 14762, Time: 00:33:12

Health: -1/162     AC: 12    Str: 28    XL:     12   Next: 54%
Magic:  11/11      EV: 17    Int:  4    God:    Trog [*****.]
Gold:   754        SH:  0    Dex: 14    Spells: 0 memorised, 11 levels left

rFire  . . .     SeeInvis .     a - +2 halberd (freeze)
rCold  . . .     Gourm    .     i - +0 ring mail
rNeg   . . .     Faith    .     (shield currently unavailable)
rPois  +         Spirit   .     (helmet restricted)
rElec  .         Reflect  .     C - +0 cloak
rCorr  .         Harm     .     t - +1 pair of gloves
MR     +....                    y - +0 pair of boots
Stlth  ..........               (no amulet)
                                K - ring of poison resistance
                                P - ring of protection from magic

@: berserking, very quick
A: retaliatory headbutt, horns 2, wild magic 1
a: Berserk, Trog's Hand, Brothers in Arms, Burn Spellbooks, Renounce Religion


You were in an ice cave.
You worshipped Trog.
Trog was extremely pleased with you.
You were not hungry.

You visited 2 branches of the dungeon, and saw 11 of its levels.
You also visited: Ossuary and Ice Cave.

You collected 754 gold pieces.

Inventory:

Hand Weapons
 a - a +2 halberd of freezing (weapon)
 k - a +2 antimagic glaive
 o - a +0 spear
 z - a +0 shortbow
 G - a +0 trident of piercing
Missiles
 f - 105 arrows (quivered)
Armour
 b - a +0 animal skin
 i - a +0 ring mail (worn)
 t - a +1 pair of gloves (worn)
 y - a +0 pair of boots (worn)
 C - a +0 cloak (worn)
Jewellery
 B - an uncursed ring of protection from cold
 K - a ring of poison resistance (right hand)
 M - an uncursed ring of flight
 P - a ring of protection from magic (left hand)
Wands
 n - a wand of acid (6/15)
 H - a wand of acid (8/15)
Scrolls
 d - a scroll of vulnerability {unknown}
 e - a scroll of blinking
 h - a scroll of fog
 l - 7 scrolls of teleportation
 m - 2 scrolls of enchant armour
 p - 4 scrolls of remove curse
 x - 2 scrolls of magic mapping
 A - a scroll of random uselessness {unknown}
 F - 2 scrolls of immolation {unknown}
 I - 3 scrolls of torment {unknown}
 L - 5 scrolls of recharging
 S - 2 scrolls of fear
 T - 2 scrolls of enchant weapon {unknown}
Potions
 j - 5 potions of heal wounds
 q - 2 potions of magic
 r - 2 potions of invisibility
 w - 2 potions of curing
 D - 4 potions of haste
 E - a potion of flight {unknown}
 J - 2 potions of degeneration {unknown}
 N - 3 potions of brilliance {unknown}
 O - a potion of ambrosia {unknown}
 Q - a potion of agility {unknown}
 R - 2 potions of berserk rage {unknown}
Comestibles
 c - 5 bread rations
 s - 9 meat rations


   Skills:
 + Level 10.8 Fighting
 * Level 13.3 Polearms
 * Level 11.2 Bows
 + Level 10.4 Armour
 + Level 9.6 Dodging


You had 11 spell levels left.
You didn't know any spells.

Dungeon Overview and Level Annotations

Branches:
Dungeon (8/15)             Temple (0/1) D:7            Lair (3/6) D:8
  Swamp (0/4) Lair:3
  Snake: Lair:2-4    Spider: Lair:2-4

Altars:
Cheibriados
Kikubaaqudgha
Nemelex Xobeh
Ru
Xom


Innate Abilities, Weirdness & Mutations

You reflexively headbutt those who attack you in melee.
You have a pair of horns on your head.
Your spells are a little harder to cast, but a little more powerful.


Message History

The ice dragon breathes frost at you. The blast of cold hits you!
* * * LOW HITPOINT WARNING * * *
You are too injured to fight recklessly!
You are too injured to fight recklessly!
You hit the ice dragon.
You headbutt the ice dragon, but do no damage.
The ice dragon is severely wounded.
You slice the ice dragon!! You freeze the ice dragon.
You kill the ice dragon!
Trog accepts your kill.
The ice dragon scales are intact enough to wear.
You hit the ice dragon but do no damage.
You headbutt the ice dragon.
The ice dragon is lightly wounded.
You closely miss the ice dragon.
The ice dragon is lightly wounded.
The ice dragon breathes frost at you. The blast of cold hits you!
You die...

##....###
###..##
##..###
##...######
###......##
####....##
####..## ###
##..###.##
##@#..D.#
#[D.##.#
#####..### .
#...##.## (..
##.....D#.(...
####.D..(.#
########


You could see an ice dragon.

Vanquished Creatures
  Harold (Lair:1)
  An ice dragon (IceCv)
  3 hydras
  An oklob plant (Lair:2)
  2 ice statues (IceCv)
  3 spiny frogs
  3 rime drakes
  4 komodo dragons
  A hornet (Lair:1)
  A two-headed ogre (D:8)
  14 blink frogs
  3 hippogriffs
  15 yaks
  Sigmund (D:5)
  The ghost of Philosophy the Shooter, an amateur CeHu (D:3)
  A wyvern (Lair:1)
  3 basilisks
  A hungry ghost (D:8)
  Edmund (D:4)
  4 water moccasins
  11 porcupines
  2 orc warriors (D:7)
  14 ice beasts (IceCv)
  A phantom (D:8)
  3 black bears
  3 ogres (D:7)
  5 wolves (Lair:1)
  2 centaurs
  5 crocodiles
  A gnoll sergeant (D:6)
  5 bullfrogs
  An elf zombie (Ossuary)
  A water moccasin zombie (D:8)
  A water moccasin skeleton (D:7)
  2 scorpions (D:7)
  A wyvern skeleton (D:6)
  4 wights (D:8)
  5 killer bees (D:8)
  3 crimson imps
  A bullfrog zombie (D:7)
  2 centaur zombies
  A human zombie (Ossuary)
  5 hounds
  10 jellies
  2 centaur skeletons
  3 orc wizards
  A bullfrog skeleton (D:7)
  Crazy Yiuf (D:7)
  2 iguanas
  7 worker ants
  A big kobold zombie (Ossuary)
  2 mummies (Ossuary)
  Robin (D:2)
  7 adders
  16 gnolls
  A shadow imp (D:5)
  12 white imps (Lair:3)
  12 oozes
  2 adder skeletons
  4 adder zombies
  4 worms
  3 dart slugs
  5 leopard geckos
  25 orcs
  6 giant cockroaches
  14 goblins
  9 hobgoblins
  12 jackals
  4 quokkas
  5 bats
  4 frilled lizards
  A goblin zombie (Ossuary)
  9 hobgoblin zombies (Ossuary)
  7 kobolds
  9 kobold zombies (Ossuary)
  10 orc zombies (Ossuary)
  7 rats
  2 rat zombies (Ossuary)
  5 fungi (Lair:2)
  A plant (Lair:2)
369 creatures vanquished.

Vanquished Creatures (others)
  10 fungi
  6 plants
16 creatures vanquished.

Grand Total: 385 creatures vanquished

Notes
Turn   | Place    | Note
-------+----------+-------------------------------------------
     0 | D:1      | nikopol the Minotaur Berserker began the quest for the Orb.
     0 | D:1      | Reached XP level 1. HP: 19/19 MP: 0/0
    55 | D:1      | Reached XP level 2. HP: 25/27 MP: 1/1
   488 | D:1      | Reached skill level 4 in Polearms
   488 | D:1      | Reached XP level 3. HP: 27/33 MP: 2/2
   643 | D:1      | Found a sparkling altar of Nemelex Xobeh.
   942 | D:2      | Noticed Robin
   949 | D:1      | Reached ** piety under Trog
   997 | D:2      | Killed Robin
  1235 | D:2      | Reached XP level 4. HP: 40/40 MP: 3/3
  1613 | D:2      | HP: 1/61 [gnoll/spear (6)]
  1620 | D:2      | HP: 2/41 [gnoll/spear (1)]
  1628 | D:2      | HP: 2/41 [gnoll/spear (9)]
  2239 | D:3      | Reached XP level 5. HP: 44/47 MP: 4/4
  2261 | D:3      | Noticed Philosophy's ghost (amateur CeHu)
  2271 | D:3      | Killed Philosophy's ghost
  2271 | D:3      | Reached skill level 5 in Fighting
  2271 | D:3      | Reached skill level 5 in Polearms
  2271 | D:3      | Reached XP level 6. HP: 56/56 MP: 5/5
  2392 | D:3      | Found a snail-covered altar of Cheibriados.
  2392 | D:3      | Found a shimmering altar of Xom.
  2557 | D:3      | Reached *** piety under Trog
  3526 | D:4      | Noticed Edmund
  3533 | D:4      | Killed Edmund
  3533 | D:4      | Reached skill level 5 in Armour
  3533 | D:4      | Reached XP level 7. HP: 61/61 MP: 6/6
  3789 | D:5      | Entered Level 5 of the Dungeon
  3794 | D:5      | Reached skill level 6 in Polearms
  4059 | D:5      | Noticed Sigmund
  4068 | D:5      | Killed Sigmund
  4068 | D:5      | Reached skill level 1 in Bows
  4068 | D:5      | Reached skill level 5 in Dodging
  4234 | D:5      | Found a sacrificial altar of Ru.
  4410 | D:6      | Found a sand-covered staircase.
  4420 | Ossuary  | Entered an ossuary
  4436 | Ossuary  | Reached **** piety under Trog
  4463 | Ossuary  | Reached XP level 8. HP: 67/70 MP: 7/7
  4581 | Ossuary  | Reached skill level 7 in Polearms
  5113 | D:6      | Received a gift from Trog
  5823 | D:7      | Found a staircase to the Ecumenical Temple.
  5958 | D:7      | Reached skill level 8 in Polearms
  6200 | D:7      | Reached skill level 5 in Bows
  6200 | D:7      | Reached XP level 9. HP: 46/79 MP: 8/8
  6799 | D:7      | Reached ***** piety under Trog
  6937 | D:7      | Found a runed door.
  7115 | D:7      | Noticed Crazy Yiuf
  7122 | D:7      | Killed Crazy Yiuf
  7203 | D:8      | Got a translucent leather armour
  7214 | D:8      | Identified the cursed +1 leather armour of Supple Strength {rN+} (You found it on level 8 of the Dungeon)
  7260 | D:8      | Reached skill level 9 in Polearms
  7451 | D:8      | Reached XP level 10. HP: 88/88 MP: 9/9
  7578 | D:8      | Reached skill level 10 in Polearms
  7997 | D:8      | Found a staircase to the Lair.
  8058 | D:8      | Found an ancient bone altar of Kikubaaqudgha.
  8197 | Lair:1   | Entered Level 1 of the Lair of Beasts
  8341 | Lair:1   | Gained mutation: Your spells are a little harder to cast, but a little more powerful. [potion of beneficial mutation]
  9289 | Lair:1   | Noticed Harold
  9299 | Lair:1   | Killed Harold
  9299 | Lair:1   | Received a gift from Trog
  9299 | Lair:1   | Reached skill level 11 in Polearms
  9416 | Lair:1   | Reached XP level 11. HP: 72/97 MP: 10/10
 10175 | Lair:1   | Noticed a seven-headed hydra
 10185 | Lair:1   | Killed a ten-headed hydra
 10485 | Lair:2   | Received a gift from Trog
 10971 | Lair:2   | Reached skill level 12 in Polearms
 10995 | Lair:2   | HP: 2/99 [blink frog (12)]
 10996 | Lair:2   | Reached skill level 10 in Fighting
 11522 | Lair:2   | Noticed a five-headed hydra
 11531 | Lair:2   | Killed a nine-headed hydra
 11531 | Lair:2   | Reached skill level 10 in Bows
 11727 | Lair:2   | Reached XP level 12. HP: 17/106 MP: 11/11
 11742 | Lair:2   | HP: 2/106 [porcupine's spines (10)]
 12181 | Lair:2   | Received a gift from Trog
 12196 | Lair:2   | Noticed a seven-headed hydra
 12212 | Lair:2   | Killed a 13-headed hydra
 12215 | Lair:2   | Reached skill level 10 in Armour
 13385 | Lair:3   | Reached skill level 13 in Polearms
 13462 | Lair:3   | Found a frozen archway.
 13661 | IceCv    | Entered an ice cave
 14738 | IceCv    | Noticed an ice dragon
 14739 | IceCv    | Noticed an ice dragon
 14760 | IceCv    | Killed an ice dragon
 14762 | IceCv    | Killed from afar by an ice dragon

Skill      XL: |  1  2  3  4  5  6  7  8  9 10 11 12 |
---------------+-------------------------------------+-----
Fighting       | 4 5 6 7 8 9 10 | 10.8
Polearms       | 4 5 6 8 9 11 12 13 | 13.3
Dodging        | 3 4 5 6 7 9 |  9.6
Armour         | 3 4 5 6 7 8 9 10 | 10.4
Bows           | 2 5 7 8 10 11 | 11.2

Action                   |  1- 3 |  4- 6 |  7- 9 | 10-12 || total
-------------------------+-------+-------+-------+-------++-------
Melee: Spear             |    93 |       |       |       ||    93
       Headbutt          |    13 |    17 |    56 |    95 ||   181
       Trident           |     1 |   142 |   307 |    84 ||   534
       Halberd           |       |       |       |   404 ||   404
 Fire: Shortbow          |       |       |   168 |   153 ||   321
Invok: Berserk           |     1 |     3 |     5 |    10 ||    19
       Trog's Hand       |       |     1 |       |       ||     1
  Use: Scroll            |       |       |    13 |     8 ||    21
       Potion            |       |       |       |     2 ||     2
  Eat: Chunk             |     2 |     6 |    13 |    24 ||    45
       Bread ration      |       |     1 |       |     1 ||     2
       Pizza             |       |       |     1 |       ||     1
       Royal jelly       |       |       |     1 |       ||     1
       Beef jerky        |       |       |       |     5 ||     5
Armor: Ring mail         |    16 |    33 |    83 |   114 ||   246
       Animal skin       |     1 |       |       |       ||     1
Dodge: Dodged            |    61 |    70 |   157 |   273 ||   561
